 Seeded DCSS version 0.30.1 (webtiles) character file.

Game seed: 7229806256980976716 (custom seed)

4 McKennaii the Firebug (level 1, 14/14 HPs)
             Began as a Demigod Fire Elementalist on July 13, 2023.
             Quit the game on level 1 of the Dungeon.
             The game lasted 00:00:24 (223 turns).

McKennaii the Firebug (Demigod Fire Elementalist)    Turns: 223, Time: 00:00:25

Health: 14/14      AC:  2    Str:  9    XL:     1   Next: 40%
Magic:  2/5        EV: 12    Int: 17    God:
Gold:   17         SH:  0    Dex: 14    Spells: 2/3 levels left

rFire   . . .        (no weapon)
rCold   . . .        (no shield)
rNeg    . . .        a - +0 robe
rPois   .            (no helmet)
rElec   .            (no cloak)
rCorr   .            (no gloves)
SInv    .            (no boots)
Will    .....        (no amulet)
Stlth   ++           (no ring)
HPRegen 0.22/turn    (no ring)
MPRegen 0.09/turn

%: no passive effects
@: no status effects
A: high MP 1, forlorn, divine attributes
a: no special abilities


You were on level 1 of the Dungeon.
You visited 1 branch of the dungeon, and saw 1 of its levels.

You collected 17 gold pieces.

Inventory:

Missiles
 c - a throwing net
Armour
 a - a +0 robe (worn)
Scrolls
 d - 2 scrolls of amnesia {unknown}
 e - a scroll of acquirement
 f - a scroll of teleportation {unknown}
Potions
 b - a potion of magic


   Skills:
 - Level 1.7 Dodging
 - Level 1.7 Stealth
 + Level 1.8 Spellcasting
 + Level 1.1 Conjurations
 + Level 2.8 Fire Magic


You had 2 spell levels left.
You knew the following spells:

 Your Spells              Type           Power      Damage    Failure   Level
a - Foxfire               Conj/Fire      32%        2x1d5     9%          1

Your spell library contained the following spells:

 Spells                   Type           Power      Damage    Failure   Level
 Scorch                   Fire           22%        2d6       10%         2
 Inner Flame              Hex/Fire       6%         N/A       32%         3
 Volatile Blastmotes      Fire/Tloc      12%        2d11      32%         3
 Flame Wave               Conj/Fire      8%         2d5       65%         4


Dungeon Overview and Level Annotations

Branches:
Dungeon (1/15)


Innate Abilities, Weirdness & Mutations

You have an increased reservoir of magic. (+10% MP)
You shall have no god before yourself.
Your divine heritage dramatically boosts your attributes as you level up.


Message History

You conjure some foxfire!
You conjure some foxfire!
The foxfire hits the quokka but does no damage.
The quokka is severely wounded.
The foxfire hits the quokka but does no damage.
The quokka is severely wounded.
The quokka bites you. The quokka barely misses you.
You conjure some foxfire!
The quokka bites you.
A quokka is nearby!
You are out of magic!
The foxfire hits the quokka but does no damage.
The quokka is severely wounded.
The foxfire hits the quokka.
You kill the quokka!
Your Conjurations skill increases to level 1!
Your foxfire dissipates!
HP restored.
Key pressed, stopping explore.
You conjure some foxfire!
Your foxfire dissipates!
Your foxfire dissipates!
Found 3 stones.
e - 3 scrolls labelled RAGIOR NADERHA You see here 3 stones.
f - a scroll labelled WUBBUN RUOS A giant cockroach comes into view.
You conjure some foxfire!
There is not enough space to conjure foxfire!
Your foxfire dissipates!
The foxfire hits the giant cockroach.
The giant cockroach is almost dead.
You conjure some foxfire!
Your foxfire dissipates!
You conjure some foxfire!
The foxfire hits the giant cockroach.
You kill the giant cockroach!
This is a scroll of acquirement!
Something appears at your feet! Something appears at your feet!
Your foxfire dissipates!
Are you sure you want to abandon this character and quit the game? (Confirm with "yes".)

###########..
##♣..>..♣###.
##.......###.
##♣.⌠_⌠.♣##..
#####⌠#####..
############
# ###########
# .........@#
# #########.#
##########
#v#
#.........
#§#
#.########
#§#######.#
#§........#
###########


There were no monsters in sight!

Vanquished Creatures
  A giant cockroach (D:1)
  A hobgoblin (D:1)
  A quokka (D:1)
3 creatures vanquished.

Vanquished Creatures (collateral kills)
  A foxfire (D:1)
1 creature vanquished.

Vanquished Creatures (others)
  20 foxfires (D:1)
20 creatures vanquished.

Grand Total: 24 creatures vanquished

Notes
Turn   | Place    | Note
-------+----------+-------------------------------------------
     0 | D:1      | McKennaii the Demigod Fire Elementalist began the quest for
                  | the Orb.
     0 | D:1      | Reached XP level 1. HP: 14/14 MP: 5/5
   123 | D:1      | Reached skill level 1 in Conjurations
   221 | D:1      | Identified 3 scrolls of acquirement
   221 | D:1      | Acquired the +1 cloak of Nisasai {+Blink rC- Will+ Str+6}
   222 | D:1      | Acquired 554 gold pieces
   223 | D:1      | Quit the game

Illustrated notes

Levels and vault maps discovered:
D:1:      spicycebolla_arrival_ecumenical, layout_loops_ring

Skill      XL: |  1 |
---------------+----+-----
Conjurations   | 1 |  1.1
Dodging        | |  1.7
Stealth        | |  1.7
Spellcasting   | |  1.8
Fire Magic     | |  2.8

Action                     || total
---------------------------++-------
   Cast: Foxfire           ||    15
    Use: Scroll            ||     2
  Dodge: Dodged            ||     1
